 Dungeon Crawl Stone Soup version 0.30-a0-1082-g70414cbcbb (webtiles) character file.

Game seed: 5401133826082573008

78 Lusmu the Grave Robber (level 4, -3/24 HPs)
             Began as a Tengu Necromancer on Apr 15, 2023.
             Slain by an orc
             ... wielding a +0 flail
              (5 damage)
             ... on level 2 of the Dungeon.
             The game lasted 00:08:57 (1143 turns).

Lusmu the Grave Robber (Tengu Necromancer)          Turns: 1143, Time: 00:08:58

Health: -3/24      AC:  2    Str:  8    XL:     4   Next: 36%
Magic:  2/9        EV: 12    Int: 17    God:
Gold:   65         SH:  0    Dex: 15    Spells: 7/8 levels left

rFire   . . .      SeeInvis .    c - +0 sling
rCold   . . .      Faith    .    (no shield)
rNeg    . . .      Spirit   .    a - +0 robe
rPois   .          Reflect  .    (helmet restricted)
rElec   .          Rampage  .    (no cloak)
rCorr   .                        (no gloves)
Will    .....                    (boots unavailable)
Stlth   ++                       (no amulet)
HPRegen 0.24/turn                (no ring)
MPRegen 0.11/turn                (no ring)

@: mighty
A: beak, talons 3
a: no special abilities


You were on level 2 of the Dungeon.
You visited 1 branch of the dungeon, and saw 2 of its levels.

You collected 65 gold pieces.

Inventory:

Hand Weapons
 c - a +0 sling (weapon)
Armour
 a - a +0 robe (worn)
Scrolls
 e - a scroll of teleportation
 f - a scroll of noise {unknown}
 g - a scroll of brand weapon {unknown}
 j - a scroll of summoning {unknown}
Potions
 b - a potion of magic
 d - 2 potions of haste {unknown}


   Skills:
 - Level 2.1 Dodging
 + Level 3.2 Stealth
 + Level 2.9 Spellcasting
 + Level 5.1 Necromancy


You had 7 spell levels left.
You knew the following spells:

 Your Spells              Type           Power      Damage    Failure   Level
a - Necrotise             Necr           76%        1d7       2%          1

Your spell library contained the following spells:

 Spells                   Type           Power      Damage    Failure   Level
 Vampiric Draining        Necr           19%        2d7       7%          3
 Animate Dead             Necr           19%        N/A       22%         4
 Ignite Poison            Fire/Tmut/Pois 2%         N/A       47%         3
 Agony                    Necr           19%        N/A       52%         5
 Sticky Flame             Conj/Fire      2%         2d3       87%         4
 Ignition                 Fire           1%         3d3       100%        8


Dungeon Overview and Level Annotations

Branches:
Dungeon (2/15)

Altars:


Innate Abilities, Weirdness & Mutations

You have a beak for a mouth.
You have claws for feet.


Message History

The orc hits your orc skeleton with a +0 club.
The orc priest invokes the aid of Beogh against you.
Beogh smites you!
Your orc skeleton hits the orc.
The orc dies!
Your magical contamination has completely faded away.
What are your orders? t - Shout!
Orders for allies: a - Attack new target. p - Attack previous target. r - Retreat! s - Stop attacking. g - Guard the area. f - Follow me.
Anything else - Cancel.
Gang up on whom?
Press: ? - help, Dir - move target, f/p - orc priest
Aim: an orc priest, wielding a +0 war axe (moderately wounded, ally target) Attack!
Something hits your orc skeleton.
Your orc skeleton is destroyed!
The orc priest mumbles some strange prayers to Beogh against you.
You barely resist.
Your orc skeleton barely misses the orc.
You shoot a sling bullet. The sling bullet hits the orc priest!
The orc priest is almost dead.
The orc priest calls down the wrath of Beogh upon you.
Pain shoots through your body!
* * * LOW HITPOINT WARNING * * *
Your orc skeleton hits the orc.
The orc priest calls down the wrath of Beogh upon you.
Pain shoots through your body!
* * * LOW HITPOINT WARNING * * *
You shoot a sling bullet. The sling bullet hits the orc priest.
You kill the orc priest!
Your orc skeleton hits the orc.
Your Stealth skill increases to level 3!
Your Necromancy skill increases to level 5!
You have reached level 4!
You feel agile. The orc attacks as you move away! The orc closely misses you.
The orc attacks as you move away! The orc hits you with a +0 flail.
* * * LOW HITPOINT WARNING * * *
The orc attacks as you move away! The orc hits you with a +0 flail.
You die...

### ##############.# #
#..o.o@........# #
#.############.########
#.# #......... ##o###
########### #....#
#.......... #.Z..#
#.######### #....# #.#
########.### #.######
#.....##)# #.##...#


You could see 2 orcs.

Vanquished Creatures
  An orc priest (D:2)
  An adder (D:2)
  3 orcs (D:2)
  3 ball pythons
  2 endoplasms (D:1)
  A giant cockroach (D:1)
  2 goblins (D:2)
  3 hobgoblins (D:1)
  5 quokkas (D:1)
  4 bats (D:1)
  4 frilled lizards (D:1)
  2 kobolds (D:1)
  2 rats
33 creatures vanquished.

Vanquished Creatures (collateral kills)
  An orc (D:2)
1 creature vanquished.

Grand Total: 34 creatures vanquished

Notes
Turn   | Place    | Note
-------+----------+-------------------------------------------
     0 | D:1      | Lusmu the Tengu Necromancer began the quest for the Orb.
     0 | D:1      | Reached XP level 1. HP: 10/10 MP: 4/4
   172 | D:1      | Reached XP level 2. HP: 7/15 MP: 4/6
   677 | D:1      | Reached XP level 3. HP: 19/19 MP: 5/7
  1132 | D:2      | Reached skill level 5 in Necromancy
  1132 | D:2      | Reached XP level 4. HP: 4/24 MP: 1/9
  1142 | D:2      | HP: 1/24 [orc/+0 flail (5)]
  1143 | D:2      | Slain by an orc

Illustrated notes

Levels and vault maps discovered:
D:1:      amcnicky_arrival_choice, layout_basic, minmay_heptomino_d4
D:2:      cheibrodos_pilgrimage, layout_basic, uniq_jessica

Skill      XL: |  1  2  3 |
---------------+----------+-----
Stealth        | 3 |  3.2
Necromancy     | 5 |  5.1
Dodging        | |  2.1
Spellcasting   | |  2.9

Action                     |  1- 3 |  4- 6 || total
---------------------------+-------+-------++-------
   Fire: Sling             |    69 |       ||    69
   Cast: Necrotise         |    25 |       ||    25
    Use: Scroll            |     2 |       ||     2
         Potion            |     1 |       ||     1
 Armour: Robe              |     8 |       ||     8
  Dodge: Dodged            |    35 |     1 ||    36

Table legend: (Time is in decaauts)
 A = Elapsed time spent in this place.
 B = Non-inter-level travel time spent in this place.
 C = Inter-level travel time spent in this place.
 D = Time resting spent in this place.
 E = Time spent auto-exploring this place.
 F = Levels seen in this place.
 G = Mean time per level.
                   A        B        C        D        E       F      G
               +--------+--------+--------+--------+--------+-----+--------+
         Total |   1169 |   1129 |     40 |     21 |    788 |   2 |  584.5 |
       Dungeon |   1169 |   1129 |     40 |     21 |    788 |   2 |  584.5 |
               +--------+--------+--------+--------+--------+-----+--------+

Top non-repeatable levels by time:
     D:1: 941 daAuts
     D:2: 228 daAuts
